 Dungeon Sprint DCSS version 0.31-a0-931-g7b59d4eb97 (webtiles) character file.

Game seed: 17503679289933114838

13745 sircluck the Brawler (level 11, -13/131 HPs)
             Began as a Troll Berserker on Oct 19, 2023.
             Was the Champion of Trog.
             Mangled by Arachne
             ... wielding a staff of poison
              (28 damage)
             ... in the Dungeon (Sprint VII: "The Pits").
             The game lasted 00:07:13 (1569 turns).

sircluck the Brawler (Troll Berserker)              Turns: 1569, Time: 00:07:14

Health: -13/131    AC:  5    Str: 37    XL:     11   Next: 79%
Magic:  10/10      EV: 11    Int:  3    God:    Trog [******]
Gold:   31         SH: 11    Dex:  9    Spells: 10/10 levels left

rFire   . .          .
                       - Unarmed
rCold   . . .        p - +0 tower shield
rNeg    . . .        o - +0 troll leather armour
rPois   .            (helmet restricted)
rElec   .            (no cloak)
rCorr   .            (gloves unavailable)
SInv    .            (boots unavailable)
Will    .....        (no amulet)
Stlth   +            l - +3 ring of strength
HPRegen 2.01/turn    n - +3 ring of strength
MPRegen 0.12/turn

%: no teleportation
@: no status effects
A: large, unfitting armour, claws 3, regeneration 1, shaggy fur 1, tough skin 1
a: Renounce Religion, Berserk, Trog's Hand, Brothers in Arms


You were in the Dungeon.
You worshipped Trog.
Trog was exalted by your worship.
You visited 1 branch You collected 31 gold pieces.

Inventory:

Missiles
 q - 6 stones
 r - 5 poisoned darts
 t - 3 large rocks (quivered)
Armour
 a - a +0 animal skin
 o - a +0 troll leather armour (worn)
 p - a +0 tower shield (worn)
Jewellery
 l - a +3 ring of strength (left claw)
 n - a +3 ring of strength (right claw)
 s - a ring of see invisible
 z - a ring of protection from fire
Scrolls
 g - a scroll of blinking
 i - 2 scrolls of vulnerability
 j - a scroll of summoning
 u - 7 scrolls of enchant armour
 v - 2 scrolls of fear
 w - 2 scrolls of fog
 x - 2 scrolls of identify
 y - a scroll of poison
Potions
 b - 10 potions of curing
 c - 17 potions of heal wounds
 d - 3 potions of haste
 e - 4 potions of magic
 f - 3 potions of berserk rage
 h - 2 potions of invisibility
 k - a potion of might
 m - a potion of resistance


   Skills:
 + Level 14.9 Fighting
 + Level 1.9 Throwing
 + Level 2.1 Armour
 + Level 14.7 Dodging
 + Level 2.3 Shields
 * Level 17.4 Unarmed Combat


You had 10 spell levels left.
You didn't know any spells.
Your spell library was empty.

Dungeon Overview and Level Annotations

Branches:
Dungeon (1/1)

Altars:
Ashenzari
Cheibriados
Dithmenos
Elyvilon
Fedhas
Gozag
Hepliaklqana
Kikubaaqudgha
Makhleb
Nemelex Xobeh
Okawaru
Qazlal
Ru
Sif Muna
Trog
Uskayaw
Vehumet
Wu Jian
Xom
Yredelemnul
Zin
The Shining One
Jiyva
Lugonu

Annotations:
D Arachne


Innate Abilities, Weirdness & Mutations

You are too large for most types of armour.
You have claws for hands.
Your natural rate of healing is unusually fast.
You are covered in fur. (AC +1)
You have tough skin. (AC +1)


Message History

No target in view!
No target in view!
No target in view!
No target in view!
No target in view!
Unknown command.
You start resting.
HP restored.
Arachne the Weaver comes into view.
She is wielding a staff of poison.
You mangle Arachne!!
Arachne is lightly wounded.
Arachne barely misses you.
Arachne stares at you and mumbles some strange words.
The bolt of poison hits you!!
You are poisoned.
You eviscerate Arachne!!!
Arachne is moderately wounded.
You feel very sick.
Arachne says, "Come closer, little fly."
Arachne stares at you and mumbles some strange words.
The bolt of poison hits you!!!
You are more poisoned.
Unknown command.
You scratch Arachne but do no damage.
Arachne is moderately wounded.
You feel extremely sick.
Arachne says, "Come to my web."
Arachne hits you with a staff of poison!
* * * LOW HITPOINT WARNING * * *
Arachne envenoms you!!
* * * LOW HITPOINT WARNING * * *
You are more poisoned.
You feel better.
Arachne says, "You'll find yourself a bit attached to my weave."
Arachne stares at you and mumbles some strange words.
The poison arrow misses you.
Arachne says, "Come closer, little fly."
Arachne hits you with a staff of poison!!
You die...
Arachne says, "All wrapped up."

#++###########
#.............
#.....@H......
#..###########
#..# #..# ##
#..# .# #..#
.# #..# .#
#..#
.##########†.#


You could see Arachne.

Vanquished Creatures
  A boulder beetle (D)
  A two-headed ogre (D)
  2 phantasmal warriors (D)
  A flayed ghost (D)
  2 manticores (D)
  A black mamba (D)
  An elephant (D)
  An eye of devastation (D)
  A rime drake (D)
  A troll (D)
  2 dream sheep (D)
  3 blink frogs (D)
  A jumping spider (D)
  A shadow (D)
  3 yaks (D)
  2 basilisks (D)
  Menkaure (D)
  A black bear (D)
  A sky beast (D)
  An orc warrior (D)
  A kobold brigand (D)
  A crimson imp (D)
  A quasit (D)
  A jelly (D)
  2 orc priests (D)
  A hound (D)
  An iguana (D)
  4 orc wizards (D)
  A gnoll (D)
  An adder (D)
  An ufetubus (D)
  2 orcs (D)
  A bat zombie (D)
  An endoplasm (D)
  2 hobgoblins (D)
  2 jackals (D)
  A quokka (D)
  2 frilled lizards (D)
  A kobold (D)
  3 rats (D)
58 creatures vanquished.

Vanquished Creatures (collateral kills)
  A hydra (D)
  A merfolk aquamancer (D)
  A boulder beetle (D)
  A spriggan (D)
  2 bog bodies (D)
  A black mamba (D)
  A gargoyle (D)
  A cane toad (D)
  A troll (D)
  A merfolk (D)
  A hornet (D)
  2 dream sheep (D)
  A snapping turtle (D)
  A flying skull (D)
  2 water elementals (D)
  A redback (D)
  3 vampire mosquitoes (D)
  A warg (D)
  2 gnolls (D)
  A river rat (D)
  An ufetubus (D)
27 creatures vanquished.

Grand Total: 85 creatures vanquished

Notes
Turn   | Place    | Note
-------+----------+-------------------------------------------
     0 | D        | sircluck the Troll Berserker began the quest for the Orb.
     0 | D        | Reached XP level 1. HP: 22/22 MP: 0/0
    18 | D        | Found a bloodstained altar of Trog.
    18 | D        | Found a shimmering blue altar of Sif Muna.
    18 | D        | Found a viscous altar of Jiyva.
    18 | D        | Found a hazy altar of Hepliaklqana.
    18 | D        | Found an opulent altar of Gozag.
    19 | D        | Found a glowing golden altar of the Shining One.
    19 | D        | Found a glowing silver altar of Zin.
    19 | D        | Found a basalt altar of Yredelemnul.
    19 | D        | Found a shimmering altar of Xom.
    19 | D        | Found an ornate altar of the Wu Jian Council.
    19 | D        | Found a sacrificial altar of Ru.
    19 | D        | Found a stormy altar of Qazlal.
    19 | D        | Found an iron altar of Okawaru.
    19 | D        | Found a sparkling altar of Nemelex Xobeh.
    19 | D        | Found a burning altar of Makhleb.
    19 | D        | Found a blossoming altar of Fedhas.
    19 | D        | Found a white marble altar of Elyvilon.
    19 | D        | Found a shadowy altar of Dithmenos.
    19 | D        | Found a snail-covered altar of Cheibriados.
    21 | D        | Found a radiant altar of Vehumet.
    21 | D        | Found a corrupted altar of Lugonu.
    22 | D        | Found a hide-covered altar of Uskayaw.
    22 | D        | Found an ancient bone altar of Kikubaaqudgha.
    22 | D        | Found a broken altar of Ashenzari.
    65 | D        | Reached ** piety under Trog
    73 | D        | Reached skill level 4 in Unarmed Combat
    73 | D        | Reached XP level 2. HP: 30/31 MP: 1/1
   103 | D        | Reached *** piety under Trog
   165 | D        | Reached **** piety under Trog
   186 | D        | Reached XP level 3. HP: 39/39 MP: 2/2
   195 | D        | Noticed a kobold brigand
   206 | D        | Killed a kobold brigand
   207 | D        | Reached skill level 5 in Fighting
   207 | D        | Reached skill level 5 in Dodging
   207 | D        | Reached skill level 6 in Unarmed Combat
   207 | D        | Reached XP level 4. HP: 40/50 MP: 3/3
   212 | D        | Noticed Menkaure
   218 | D        | Killed Menkaure
   218 | D        | Reached ***** piety under Trog
   219 | D        | Reached skill level 7 in Unarmed Combat
   219 | D        | Reached XP level 5. HP: 59/59 MP: 4/4
   238 | D        | Reached XP level 6. HP: 68/68 MP: 5/5
   246 | D        | Noticed a boulder beetle
   257 | D        | Killed a boulder beetle
   258 | D        | Reached skill level 10 in Unarmed Combat
   258 | D        | Reached XP level 7. HP: 81/81 MP: 6/6
   314 | D        | Identified the +7 broad axe of the Bruised Mouths {heavy,
                  | Fragile Str+5} (Trog gifted it to you in the Dungeon)
   314 | D        | Received a gift from Trog
   341 | D        | Noticed a basilisk
   561 | D        | Reached XP level 8. HP: 92/92 MP: 7/7
   610 | D        | Found the +7 captain's cutlass {speed, disarm}
   610 | D        | Found the +8 mithril axe "Arga" {speed, Will+}
   669 | D        | Noticed a flayed ghost
   675 | D        | Reached skill level 11 in Unarmed Combat
   679 | D        | Killed a flayed ghost
   679 | D        | Reached ****** piety under Trog
   680 | D        | Reached skill level 10 in Fighting
   695 | D        | Reached skill level 10 in Dodging
   889 | D        | Noticed a rime drake
   889 | D        | Noticed a black mamba
   889 | D        | Noticed an elephant
   894 | D        | Killed an elephant
   895 | D        | Reached skill level 12 in Unarmed Combat
   895 | D        | Reached XP level 9. HP: 95/102 MP: 8/8
   902 | D        | Killed a black mamba
   907 | D        | Killed a rime drake
   908 | D        | Reached skill level 13 in Unarmed Combat
   908 | D        | Identified the +9 executioner's axe of the Establishment
                  | {heavy, rC+ Dex+3} (Trog gifted it to you in the Dungeon)
   908 | D        | Received a gift from Trog
  1063 | D        | Noticed a phantasmal warrior
  1067 | D        | Killed a phantasmal warrior
  1068 | D        | Reached skill level 14 in Unarmed Combat
  1068 | D        | Reached XP level 10. HP: 115/115 MP: 9/9
  1111 | D        | Noticed a bog body
  1111 | D        | Noticed a boulder beetle
  1114 | D        | Killed a bog body
  1114 | D        | Received a gift from Trog
  1116 | D        | Killed a boulder beetle
  1122 | D        | Noticed a bog body
  1130 | D        | Reached skill level 15 in Unarmed Combat
  1130 | D        | Killed a bog body
  1130 | D        | Received a gift from Trog
  1222 | D        | Noticed a merfolk aquamancer
  1222 | D        | Noticed a gargoyle
  1222 | D        | Noticed a spriggan rider
  1233 | D        | Killed a gargoyle
  1233 | D        | Received a gift from Trog
  1234 | D        | Reached XP level 11. HP: 59/127 MP: 10/10
  1234 | D        | Killed a spriggan rider
  1235 | D        | Reached skill level 16 in Unarmed Combat
  1236 | D        | Killed a merfolk aquamancer
  1253 | D        | Noticed a two-headed ogre
  1254 | D        | Received a gift from Trog
  1265 | D        | Received a gift from Trog
  1276 | D        | Killed a two-headed ogre
  1281 | D        | Reached skill level 17 in Unarmed Combat
  1486 | D        | Reached skill level 1 in Shields
  1489 | D        | Reached skill level 1 in Armour
  1504 | D        | Noticed a five-headed hydra
  1509 | D        | Killed a five-headed hydra
  1510 | D        | Reached skill level 1 in Throwing
  1519 | D        | Received a gift from Trog
  1541 | D        | Noticed a phantasmal warrior
  1547 | D        | Killed a phantasmal warrior
  1563 | D        | Noticed Arachne
  1568 | D        | HP: 1/131 [Arachne/staff of poison (27)]
  1569 | D        | Mangled by Arachne

Illustrated notes

Levels and vault maps discovered:
D:        pitsprint [storerooms_1, entrance_room_1, metal_vault_1, armoury_3,
          mini_pit_1, grid_room_1, main_hall_1, silver_pit, the_coven_3,
          the_vestibule_1, steel_vault_4, golden_pit, hallway_of_sentries,
          crystal_vault_5, iron_vault_1, final_vault]

Skill      XL: |  1  2  3  4  5  6  7  8  9 10 11 |
---------------+----------------------------------+-----
Fighting       | 3 5 6 8 9 10 12 13 14 | 14.9
Dodging        | 3 5 6 8 9 10 11 13 14 | 14.7
Unarmed Combat | 4 6 7 10 12 14 15 17 | 17.4
Shields        | 2 |  2.3
Armour         | 2 |  2.1
Throwing       | 1 |  1.9

Action                     |  1- 3 |  4- 6 |  7- 9 | 10-12 || total
---------------------------+-------+-------+-------+-------++-------
  Melee: Unarmed           |    22 |    20 |    76 |    49 ||   167
         Punch             |     2 |       |     5 |     2 ||     9
 Invoke: Berserk           |       |     1 |     3 |     1 ||     5
         Brothers in Arms  |       |       |       |     4 ||     4
    Use: Potion            |       |       |       |     2 ||     2
 Armour: Animal skin       |    16 |     6 |    40 |    16 ||    78
         Troll leather arm |       |       |       |    15 ||    15
  Dodge: Dodged            |    19 |     5 |    30 |    19 ||    73
  Block: Tower shield      |       |       |       |    13 ||    13

Table legend: (Time is in decaauts)
 A = Elapsed time spent in this place.
 B = Non-inter-level travel time spent in this place.
 C = Inter-level travel time spent in this place.
 D = Time resting spent in this place.
 E = Time spent auto-exploring this place.
 F = Levels seen in this place.
 G = Mean time per level.
                   A        B        C        D        E       F      G
               +--------+--------+--------+--------+--------+-----+--------+
         Total |   1584 |   1457 |    127 |    560 |    365 |   1 | 1584.0 |
       Dungeon |   1584 |   1457 |    127 |    560 |    365 |   1 | 1584.0 |
               +--------+--------+--------+--------+--------+-----+--------+

Top non-repeatable levels by time:
       D: 1584 daAuts
